 Dungeon Crawl Stone Soup version 0.31-a0-175-g9f7f995f2b (webtiles) character file.

Game seed: 5245659464072533151

2643 qw the Cleaver (level 9, -5/55 HPs)
             Began as a Gargoyle Fighter on June 17, 2023.
             Was a Follower of Okawaru.
             Slain by a kobold brigand
             ... wielding a +0 halberd
              (7 damage)
             ... on level 8 of the Dungeon.
             The game lasted 00:03:10 (6480 turns).

qw the Cleaver (Gargoyle Fighter)                   Turns: 6480, Time: 00:03:11

Health: -5/55      AC: 25    Str: 24    XL:     9   Next: 62%
Magic:  11/12      EV: 10    Int:  9    God:    Okawaru [*.....]
Gold:   489        SH:  5    Dex:  7    Spells: 8/8 levels left

rFire   . . .        j - +1 hand axe (flame)
rCold   . . .        c - +0 buckler
rNeg    + . .        n - +0 chain mail
rPois   inf          b - +1 helmet
rElec   +            (no cloak)
rCorr   +            k - +2 pair of gloves
SInv    +            q - +0 pair of boots
Will    .....        e - amulet of regeneration Stlth
                     a - ring of resist corrosion
HPRegen 1.09/turn    f - ring of see invisible
MPRegen 0.13/turn

%: no passive effects
@: heroic
A: sickness immunity, AC +6, negative energy resistance 1, electricity
resistance, torment resistance 1, petrification resistance, clumsy 1
a: Renounce Religion, Heroism


You were on level 8 of the Dungeon.
You worshipped Okawaru.
Okawaru was aware of your devotion.
You visited 2 branches of the dungeon, and saw 9 of its levels.

You collected 489 gold pieces.


Innate Abilities, Weirdness & Mutations

You are immune to sickness and miasma.
Your stone body is resilient. (AC +6)
You are immune to poison.
You resist negative energy. (rN+)
You are resistant to electric shocks. (rElec)
You are resistant to unholy torment.
You are immune to petrification.
You are clumsy. (Dex -2)


   Skills:
 - Level 6.3(11.3) Fighting
 - Level 9.0(14.0) Axes
 - Level 2.7(7.7) Throwing
 + Level 4.4(9.4) Armour
 - Level 1.6(6.6) Dodging
 - Level 4.6(9.6) Shields
 - Level 4.0 Invocations


You had 8 spell levels left.
You didn't know any spells.
Your spell library was empty.

Inventory:

Hand Weapons
 j - a +1 hand axe of flaming (weapon)
 Y - a +2 war axe of electrocution
Missiles
 p - 4 javelins (quivered)
 r - 7 boomerangs
 s - 2 boomerangs of dispersal
Armour
 b - a +1 helmet (worn)
 c - a +0 buckler (worn)
 k - a +2 pair of gloves (worn)
 n - a +0 chain mail (worn)
 q - a +0 pair of boots (worn)
Jewellery
 a - a ring of resist corrosion (left hand)
 e - an amulet of regeneration (around neck)
 f - a ring of see invisible (right hand)
 g - a ring of fire
Scrolls
 h - 5 scrolls of identify
Potions
 d - a potion of might
 i - a potion of lignification
 l - a potion of attraction
 m - 2 potions of mutation
 o - 5 potions of curing

Dungeon Overview and Level Annotations

Branches:
Dungeon (8/15)             Temple (1/1) D:5
   Lair: D:8-11

Altars:
Ashenzari
Cheibriados
Dithmenos
Elyvilon
Fedhas
Gozag
Hepliaklqana
Makhleb
Nemelex Xobeh
Okawaru
Qazlal
Ru
Sif Muna
Trog
Uskayaw
Vehumet
Wu Jian
Xom
Yredelemnul
The Shining One


Message History

Y - a +2 war axe of electrocution (weapon)
The two-headed hydra barely misses you. The two-headed hydra bites you!
6474 ||| SWAPPING to +1 hand axe of flaming.
Your +2 war axe of electrocution stops crackling.
Your +1 hand axe of flaming bursts into flame!
j - a +1 hand axe of flaming (weapon)
You block the kobold brigand's attack.
6475 ||| SWAPPING to +2 war axe of electrocution.
Your +1 hand axe of flaming stops flaming.
You hear the crackle of electricity.
Y - a +2 war axe of electrocution (weapon)
The two-headed hydra bites you but does no damage.
You block the two-headed hydra's attack.
6476 ||| SWAPPING to +1 hand axe of flaming.
Your +2 war axe of electrocution stops crackling.
Your +1 hand axe of flaming bursts into flame!
j - a +1 hand axe of flaming (weapon)
The kobold brigand hits you but does no damage.
6477 ||| SWAPPING to +2 war axe of electrocution.
Your +1 hand axe of flaming stops flaming.
You hear the crackle of electricity.
Y - a +2 war axe of electrocution (weapon)
The two-headed hydra bites you.
The two-headed hydra bites you but does no damage.
6478 ||| SWAPPING to +1 hand axe of flaming.
Your +2 war axe of electrocution stops crackling.
Your +1 hand axe of flaming bursts into flame!
j - a +1 hand axe of flaming (weapon)
The kobold brigand closely misses you.
6479 ||| SWAPPING to +2 war axe of electrocution.
Your +1 hand axe of flaming stops flaming.
You hear the crackle of electricity.
Y - a +2 war axe of electrocution (weapon)
The two-headed hydra bites you. The two-headed hydra barely misses you.
6480 ||| SWAPPING to +1 hand axe of flaming.
Your +2 war axe of electrocution stops crackling.
Your +1 hand axe of flaming bursts into flame!
j - a +1 hand axe of flaming (weapon)
The kobold brigand hits you with a +0 halberd!
You die...

#......##
######.......
#..#.#.......
#.....#......
#............
##########......#.
#.)+.P~~~#...#..##
#KD#~~~~~#...##...
#@##P~P.~#.#.#....
#.)#.....###.....#
#..'.7.7...##.####
#..'..7.~#..#.#.##
#..'.7.7.#.)%.....
#..#.....#.#)####.
##########...# ##
#...# . ##... #


You could see a two-headed hydra and a kobold brigand.

Vanquished Creatures
  2 dream sheep (D:8)
  Grum (D:8)
  2 orc warriors
  4 wolves (D:8)
  A centaur (D:8)
  A bullfrog (D:7)
  3 kobold brigands
  4 scorpions
  3 howler monkeys
  A jelly (D:6)
  6 orc priests
  4 hounds
  3 sleepcaps
  A gnoll bouda (D:5)
  3 iguanas
  6 orc wizards
  Robin (D:4)
  4 gnolls (D:5)
  7 adders
  A shadow imp (D:6)
  2 white imps
  An ufetubus (D:5)
  2 worms
  33 orcs
  6 ball pythons
  4 endoplasms
  5 giant cockroaches
  10 goblins
  9 hobgoblins
  2 jackals (D:3)
  9 kobolds
  2 quokkas (D:1)
  3 bats (D:1)
  3 frilled lizards
  8 rats
157 creatures vanquished.

Notes
Turn   | Place    | Note
-------+----------+-------------------------------------------
     0 | D:1      | qw the Gargoyle Fighter began the quest for the Orb.
     0 | D:1      | Reached XP level 1. HP: 14/14 MP: 1/1
     0 | D:1      | 0 ||| qw: Version: 0.3-a-2-g5ab2908
     0 | D:1      | 0 ||| qw: Game counter: 286
     0 | D:1      | 0 ||| qw: Always use a shield: true
     0 | D:1      | 0 ||| qw: God list: Okawaru
     0 | D:1      | 0 ||| qw: Allow faded altars: false
     0 | D:1      | 0 ||| qw: Do Orc after D:15 true
     0 | D:1      | 0 ||| qw: Do second Lair branch before Depths: true
     0 | D:1      | 0 ||| qw: Lair rune preference: random
     0 | D:1      | 0 ||| qw: Plans: Normal, Zot:1-4, Slime:5, God:TSO, Crypt,
                  | Tomb, Abyss, Pan, Hells, Win
     0 | D:1      | 0 ||| PLANNING D:1-11
    31 | D:1      | Reached skill level 2 in Axes
   110 | D:1      | 110 ||| Stepping ~*~*~tactically~*~*~ (stealth).
   112 | D:1      | 112 ||| Stepping ~*~*~tactically~*~*~ (stealth).
   121 | D:1      | Reached XP level 2. HP: 19/19 MP: 2/2
   236 | D:1      | Found a faded altar of an unknown god.
   503 | D:1      | 503 ||| DROPPING amulet of magic regeneration.
   504 | D:1      | 504 ||| READING scroll labelled SENISOITICK.
   505 | D:1      | 505 ||| READING 2 scrolls labelled OLAYDIDOIRCH.
   506 | D:1      | 506 ||| READING scroll labelled DAPHEW CEN XUP.
   553 | D:2      | Reached skill level 3 in Axes
   553 | D:2      | Reached XP level 3. HP: 23/23 MP: 3/3
   559 | D:2      | Found a basalt altar of Yredelemnul.
  1013 | D:2      | Reached XP level 4. HP: 28/28 MP: 4/4
  1174 | D:2      | 1174 ||| UPGRADING to +0 pair of gloves.
  1179 | D:2      | 1179 ||| UPGRADING to ring of resist corrosion.
  1180 | D:2      | 1180 ||| UPGRADING to ring of see invisible.
  1181 | D:2      | 1181 ||| DRINKING 2 fuming green potions.
  1181 | D:2      | Gained mutation: You have hidden genetic defects. [potion
                  | of mutation]
  1182 | D:2      | 1182 ||| READING 5 scrolls of identify.
  1182 | D:2      | 1182 ||| IDENTIFYING fuming brown potion
  1183 | D:2      | 1183 ||| READING 4 scrolls of identify.
  1183 | D:2      | 1183 ||| IDENTIFYING smoky yellow potion
  1184 | D:2      | 1184 ||| READING 3 scrolls of identify.
  1184 | D:2      | 1184 ||| IDENTIFYING coppery potion
  1185 | D:2      | 1185 ||| DROPPING potion of brilliance.
  1242 | D:3      | 1242 ||| Stepping ~*~*~tactically~*~*~ (stealth).
  1277 | D:3      | 1277 ||| Stepping ~*~*~tactically~*~*~ (stealth).
  1350 | D:3      | 1350 ||| Stepping ~*~*~tactically~*~*~ (stealth).
  1364 | D:3      | Gained mutation: Armour fits poorly on your strangely
                  | shaped body. [hidden defects]
  1365 | D:3      | Reached skill level 4 in Axes
  1382 | D:3      | Gained mutation: You occasionally lose the ability to read
                  | scrolls when taking damage. [hidden defects]
  1382 | D:3      | Lost mutation: You have hidden genetic defects. [hidden
                  | defects expressed]
  1443 | D:3      | 1443 ||| DRINKING potion of mutation.
  1443 | D:3      | Lost mutation: Armour fits poorly on your strangely shaped
                  | body. [potion of mutation]
  1443 | D:3      | Lost mutation: You occasionally lose the ability to read
                  | scrolls when taking damage. [potion of mutation]
  1443 | D:3      | Gained mutation: You are clumsy. (Dex -2) [potion of
                  | mutation]
  1447 | D:3      | 1447 ||| DROPPING +0 whip.
  1514 | D:3      | 1514 ||| READING scroll of enchant armour.
  1514 | D:3      | 1514 ||| ENCHANTING +0 pair of gloves.
  1528 | D:3      | 1528 ||| Stepping ~*~*~tactically~*~*~ (stealth).
  1626 | D:3      | Reached XP level 5. HP: 32/32 MP: 5/5
  1972 | D:3      | Reached skill level 1 in Throwing
  2143 | D:3      | 2143 ||| UPGRADING to +0 chain mail.
  2153 | D:3      | 2153 ||| DROPPING +0 scale mail.
  2154 | D:3      | 2154 ||| DROPPING ring of magical power.
  2155 | D:3      | 2155 ||| READING scroll labelled BEIS XIEPTOP.
  2156 | D:3      | 2156 ||| READING 2 scrolls of identify.
  2156 | D:3      | 2156 ||| IDENTIFYING cyan potion
  2157 | D:3      | 2157 ||| DROPPING potion of degeneration.
  2206 | D:4      | 2206 ||| Stepping ~*~*~tactically~*~*~ (stealth).
  2221 | D:4      | Noticed Robin
  2232 | D:4      | Killed Robin
  2233 | D:4      | Reached skill level 5 in Axes
  2313 | D:4      | Reached XP level 6. HP: 38/38 MP: 6/6
  2404 | D:4      | 2404 ||| Stepping ~*~*~tactically~*~*~ (stealth).
  2565 | D:4      | 2565 ||| Stepping ~*~*~tactically~*~*~ (hiding).
  2567 | D:4      | 2567 ||| Stepping ~*~*~tactically~*~*~ (hiding).
  2568 | D:4      | 2568 ||| Stepping ~*~*~tactically~*~*~ (hiding).
  2569 | D:4      | 2569 ||| Stepping ~*~*~tactically~*~*~ (hiding).
  2938 | D:4      | 2938 ||| UPGRADING to +0 helmet.
  2943 | D:4      | 2943 ||| READING 2 scrolls labelled DAULULLAORR.
  2944 | D:4      | 2944 ||| DRINKING 3 fuming blue potions.
  2945 | D:4      | 2945 ||| DROPPING scroll of poison.
  2969 | D:5      | Entered Level 5 of the Dungeon
  3304 | D:5      | Found a staircase to the Ecumenical Temple.
  3305 | D:5      | 3305 ||| PLANNING TEMPLE
  3305 | D:5      | 3305 ||| READING scroll labelled JYDARE ISMOAR.
  3306 | D:5      | 3306 ||| DRINKING 2 viscous inky potions.
  3314 | Temple   | Entered the Ecumenical Temple
  3406 | Temple   | 3406 ||| PLANNING OKAWARU WORSHIP
  3505 | Temple   | Became a worshipper of Warmaster Okawaru
  3506 | Temple   | 3506 ||| PLANNING D:1-11
  3562 | D:5      | 3562 ||| Stepping ~*~*~tactically~*~*~ (stealth).
  3564 | D:5      | 3564 ||| Stepping ~*~*~tactically~*~*~ (hiding).
  3565 | D:5      | 3565 ||| Stepping ~*~*~tactically~*~*~ (hiding).
  3566 | D:5      | 3566 ||| Stepping ~*~*~tactically~*~*~ (hiding).
  3577 | D:5      | Reached XP level 7. HP: 32/44 MP: 7/7
  3587 | D:5      | HP: 11/44 [gnoll/+1 spear of venom[a gnoll bouda] (4)]
  3588 | D:5      | 3588 ||| DRINKING potion of heal wounds.
  3596 | D:5      | Reached skill level 6 in Axes
  4368 | D:5      | 4368 ||| READING scroll labelled RIAFYO AFUSEZUTT.
  4429 | D:6      | 4429 ||| Stepping ~*~*~tactically~*~*~ (stealth).
  4431 | D:6      | 4431 ||| Stepping ~*~*~tactically~*~*~ (stealth).
  4595 | D:6      | 4595 ||| Stepping ~*~*~tactically~*~*~ (stealth).
  4604 | D:6      | 4604 ||| Stepping ~*~*~tactically~*~*~ (hiding).
  4605 | D:6      | 4605 ||| Stepping ~*~*~tactically~*~*~ (hiding).
  4606 | D:6      | 4606 ||| Stepping ~*~*~tactically~*~*~ (hiding).
  4607 | D:6      | 4607 ||| Stepping ~*~*~tactically~*~*~ (hiding).
  4608 | D:6      | 4608 ||| Stepping ~*~*~tactically~*~*~ (hiding).
  4609 | D:6      | 4609 ||| Stepping ~*~*~tactically~*~*~ (hiding).
  4610 | D:6      | 4610 ||| Stepping ~*~*~tactically~*~*~ (hiding).
  4611 | D:6      | 4611 ||| Stepping ~*~*~tactically~*~*~ (hiding).
  4612 | D:6      | 4612 ||| Stepping ~*~*~tactically~*~*~ (hiding).
  4613 | D:6      | 4613 ||| Stepping ~*~*~tactically~*~*~ (hiding).
  4676 | D:6      | 4676 ||| READING scroll of enchant armour.
  4676 | D:6      | 4676 ||| ENCHANTING +1 pair of gloves.
  4683 | D:6      | Identified the +7 spear "Okusa" {flame, rElec}
  4694 | D:6      | Reached skill level 7 in Axes
  4708 | D:6      | Reached * piety under Okawaru
  4762 | D:6      | 4762 ||| READING scroll of enchant weapon.
  4762 | D:6      | 4762 ||| ENCHANTING +1 war axe.
  4792 | D:6      | 4792 ||| Stepping ~*~*~tactically~*~*~ (stealth).
  4882 | D:6      | 4882 ||| Stepping ~*~*~tactically~*~*~ (hiding).
  4883 | D:6      | 4883 ||| Stepping ~*~*~tactically~*~*~ (hiding).
  4884 | D:6      | 4884 ||| Stepping ~*~*~tactically~*~*~ (hiding).
  4885 | D:6      | 4885 ||| Stepping ~*~*~tactically~*~*~ (stealth).
  4888 | D:6      | 4888 ||| Stepping ~*~*~tactically~*~*~ (stealth).
  4890 | D:6      | 4890 ||| INVOKING Heroism.
  4904 | D:6      | Reached XP level 8. HP: 28/49 MP: 6/8
  4910 | D:6      | 4910 ||| INVOKING Heroism.
  4936 | D:6      | 4936 ||| FLEEEEING.
  5019 | D:6      | 5019 ||| Stepping ~*~*~tactically~*~*~ (stealth).
  5020 | D:6      | 5020 ||| Stepping ~*~*~tactically~*~*~ (stealth).
  5127 | D:6      | 5127 ||| UPGRADING to +0 pair of boots.
  5132 | D:6      | 5132 ||| READING scroll labelled VEQAOD NEUSIE.
  5133 | D:6      | 5133 ||| READING scroll labelled TUWKIOV ABLOC.
  5269 | D:7      | Reached skill level 1 in Dodging
  5459 | D:7      | 5459 ||| Stepping ~*~*~tactically~*~*~ (hiding).
  5470 | D:7      | Reached skill level 1 in Invocations
  5486 | D:7      | 5486 ||| SWAPPING to +2 war axe of electrocution.
  5487 | D:7      | 5487 ||| DROPPING +2 war axe.
  5495 | D:7      | 5495 ||| Stepping ~*~*~tactically~*~*~ (hiding).
  5497 | D:7      | 5497 ||| Stepping ~*~*~tactically~*~*~ (hiding).
  5498 | D:7      | 5498 ||| Stepping ~*~*~tactically~*~*~ (hiding).
  5499 | D:7      | 5499 ||| INVOKING Heroism.
  5504 | D:7      | 5504 ||| Stepping ~*~*~tactically~*~*~ (stealth).
  5505 | D:7      | 5505 ||| Stepping ~*~*~tactically~*~*~ (stealth).
  5506 | D:7      | 5506 ||| Stepping ~*~*~tactically~*~*~ (stealth).
  5513 | D:7      | 5513 ||| Stepping ~*~*~tactically~*~*~ (stealth).
  5514 | D:7      | 5514 ||| Stepping ~*~*~tactically~*~*~ (stealth).
  5515 | D:7      | 5515 ||| Stepping ~*~*~tactically~*~*~ (stealth).
  5516 | D:7      | 5516 ||| Stepping ~*~*~tactically~*~*~ (stealth).
  5559 | D:7      | 5559 ||| DROPPING +0 flail.
  5651 | D:7      | 5651 ||| READING scroll of enchant armour.
  5651 | D:7      | 5651 ||| ENCHANTING +0 helmet.
  6223 | D:7      | 6223 ||| UPGRADING to amulet of regeneration.
  6228 | D:7      | 6228 ||| READING scroll labelled SIGUWO JAIRIO.
  6274 | D:8      | Reached skill level 8 in Axes
  6288 | D:8      | 6288 ||| INVOKING Heroism.
  6295 | D:8      | Noticed Grum
  6298 | D:8      | Reached XP level 9. HP: 40/55 MP: 8/10
  6303 | D:8      | Killed Grum
  6304 | D:8      | Reached skill level 6 in Fighting
  6305 | D:8      | Reached skill level 3 in Invocations
  6306 | D:8      | 6306 ||| INVOKING Heroism.
  6381 | D:8      | 6381 ||| Stepping ~*~*~tactically~*~*~ (hiding).
  6391 | D:8      | Reached skill level 9 in Axes
  6392 | D:8      | Reached ** piety under Okawaru
  6399 | D:8      | 6399 ||| DROPPING +0 morningstar.
  6413 | D:8      | Noticed a two-headed hydra
  6414 | D:8      | 6414 ||| INVOKING Heroism.
  6415 | D:8      | 6415 ||| SWAPPING to +1 hand axe of flaming.
  6416 | D:8      | 6416 ||| SWAPPING to +2 war axe of electrocution.
  6417 | D:8      | 6417 ||| SWAPPING to +1 hand axe of flaming.
  6418 | D:8      | 6418 ||| SWAPPING to +2 war axe of electrocution.
  6419 | D:8      | 6419 ||| SWAPPING to +1 hand axe of flaming.
  6420 | D:8      | 6420 ||| SWAPPING to +2 war axe of electrocution.
  6421 | D:8      | 6421 ||| SWAPPING to +1 hand axe of flaming.
  6422 | D:8      | 6422 ||| SWAPPING to +2 war axe of electrocution.
  6423 | D:8      | 6423 ||| SWAPPING to +1 hand axe of flaming.
  6424 | D:8      | 6424 ||| SWAPPING to +2 war axe of electrocution.
  6425 | D:8      | 6425 ||| SWAPPING to +1 hand axe of flaming.
  6426 | D:8      | 6426 ||| SWAPPING to +2 war axe of electrocution.
  6427 | D:8      | 6427 ||| SWAPPING to +1 hand axe of flaming.
  6428 | D:8      | 6428 ||| SWAPPING to +2 war axe of electrocution.
  6429 | D:8      | 6429 ||| SWAPPING to +1 hand axe of flaming.
  6430 | D:8      | 6430 ||| SWAPPING to +2 war axe of electrocution.
  6431 | D:8      | 6431 ||| SWAPPING to +1 hand axe of flaming.
  6432 | D:8      | 6432 ||| SWAPPING to +2 war axe of electrocution.
  6433 | D:8      | 6433 ||| SWAPPING to +1 hand axe of flaming.
  6434 | D:8      | 6434 ||| SWAPPING to +2 war axe of electrocution.
  6435 | D:8      | 6435 ||| SWAPPING to +1 hand axe of flaming.
  6436 | D:8      | 6436 ||| SWAPPING to +2 war axe of electrocution.
  6437 | D:8      | 6437 ||| SWAPPING to +1 hand axe of flaming.
  6438 | D:8      | 6438 ||| SWAPPING to +2 war axe of electrocution.
  6439 | D:8      | 6439 ||| SWAPPING to +1 hand axe of flaming.
  6440 | D:8      | 6440 ||| SWAPPING to +2 war axe of electrocution.
  6441 | D:8      | 6441 ||| SWAPPING to +1 hand axe of flaming.
  6442 | D:8      | 6442 ||| SWAPPING to +2 war axe of electrocution.
  6443 | D:8      | 6443 ||| SWAPPING to +1 hand axe of flaming.
  6444 | D:8      | 6444 ||| SWAPPING to +2 war axe of electrocution.
  6445 | D:8      | 6445 ||| SWAPPING to +1 hand axe of flaming.
  6446 | D:8      | 6446 ||| SWAPPING to +2 war axe of electrocution.
  6447 | D:8      | 6447 ||| SWAPPING to +1 hand axe of flaming.
  6448 | D:8      | 6448 ||| SWAPPING to +2 war axe of electrocution.
  6449 | D:8      | 6449 ||| SWAPPING to +1 hand axe of flaming.
  6450 | D:8      | 6450 ||| SWAPPING to +2 war axe of electrocution.
  6451 | D:8      | 6451 ||| INVOKING Heroism.
  6452 | D:8      | 6452 ||| SWAPPING to +1 hand axe of flaming.
  6453 | D:8      | 6453 ||| SWAPPING to +2 war axe of electrocution.
  6454 | D:8      | 6454 ||| SWAPPING to +1 hand axe of flaming.
  6455 | D:8      | 6455 ||| SWAPPING to +2 war axe of electrocution.
  6456 | D:8      | 6456 ||| SWAPPING to +1 hand axe of flaming.
  6457 | D:8      | 6457 ||| SWAPPING to +2 war axe of electrocution.
  6458 | D:8      | 6458 ||| SWAPPING to +1 hand axe of flaming.
  6459 | D:8      | 6459 ||| SWAPPING to +2 war axe of electrocution.
  6460 | D:8      | 6460 ||| SWAPPING to +1 hand axe of flaming.
  6461 | D:8      | 6461 ||| SWAPPING to +2 war axe of electrocution.
  6462 | D:8      | 6462 ||| SWAPPING to +1 hand axe of flaming.
  6463 | D:8      | 6463 ||| SWAPPING to +2 war axe of electrocution.
  6464 | D:8      | 6464 ||| SWAPPING to +1 hand axe of flaming.
  6465 | D:8      | 6465 ||| SWAPPING to +2 war axe of electrocution.
  6466 | D:8      | 6466 ||| SWAPPING to +1 hand axe of flaming.
  6467 | D:8      | 6467 ||| SWAPPING to +2 war axe of electrocution.
  6467 | D:8      | HP: 12/55 [two-headed hydra (9)]
  6468 | D:8      | 6468 ||| SWAPPING to +1 hand axe of flaming.
  6469 | D:8      | 6469 ||| SWAPPING to +2 war axe of electrocution.
  6470 | D:8      | 6470 ||| SWAPPING to +1 hand axe of flaming.
  6471 | D:8      | 6471 ||| SWAPPING to +2 war axe of electrocution.
  6472 | D:8      | 6472 ||| SWAPPING to +1 hand axe of flaming.
  6472 | D:8      | HP: 12/55 [kobold brigand/+0 halberd (2)]
  6473 | D:8      | 6473 ||| SWAPPING to +2 war axe of electrocution.
  6473 | D:8      | HP: 3/55 [two-headed hydra (10)]
  6474 | D:8      | 6474 ||| SWAPPING to +1 hand axe of flaming.
  6475 | D:8      | 6475 ||| SWAPPING to +2 war axe of electrocution.
  6476 | D:8      | 6476 ||| SWAPPING to +1 hand axe of flaming.
  6477 | D:8      | 6477 ||| SWAPPING to +2 war axe of electrocution.
  6478 | D:8      | 6478 ||| SWAPPING to +1 hand axe of flaming.
  6479 | D:8      | 6479 ||| SWAPPING to +2 war axe of electrocution.
  6479 | D:8      | HP: 2/55 [two-headed hydra (2)]
  6480 | D:8      | 6480 ||| SWAPPING to +1 hand axe of flaming.
  6480 | D:8      | Slain by a kobold brigand

Levels and vault maps discovered:
D:1:      elethiomel_arrival_shortcut, layout_rooms,
          shapermc_ecumenical_altar_mp_highgroup
D:2:      layout_loops_ring, basic_altar
D:3:      layout_rooms, serial_rivers, chequers_serial_rivers_micro_d,
          chequers_serial_rivers_micro_b, chequers_serial_rivers_large_b,
          chequers_serial_rivers_small_b
D:4:      layout_basic, corexii_item_surrounded_by_moat, uniq_robin
D:5:      layout_layer_cave, minmay_temple_entry_offerings,
          kennysheep_generic_room_3
D:6:      layout_basic, nicolae_zen_rock_garden
D:7:      layout_cave_pods, grunt_ministairs_4, lightli_minifort
D:8:      layout_cave_pools, gammafunk_ghost_icy, serial_bayou_pond_a,
          hangedman_ranch, uniq_maurice, uniq_grum
Temple:   nicolae_temple_slightly_damp_pantheon

Skill      XL: |  1  2  3  4  5  6  7  8  9 |
---------------+----------------------------+-----
Axes           | 2 3 4 5 7 8 9 |  9.0
Throwing       | 1 2 |  2.7
Fighting       | 4 5 6 |  6.3
Armour         | 4 |  4.4
Dodging        | 1 |  1.6
Invocations    | 1 4 |  4.0
Shields        | 4 |  4.6

Action                     |  1- 3 |  4- 6 |  7- 9 || total
---------------------------+-------+-------+-------++-------
  Melee: War axe           |    76 |   157 |   202 ||   435
  Throw: Javelin           |    13 |    45 |    34 ||    92
         Boomerang         |       |    10 |    10 ||    20
 Invoke: Heroism           |       |       |     7 ||     7
    Use: Scroll            |     3 |     8 |     7 ||    18
         Potion            |       |     4 |     1 ||     5
 Armour: Scale mail        |    37 |    32 |       ||    69
         Chain mail        |       |    55 |   171 ||   226
  Dodge: Dodged            |    38 |    48 |   100 ||   186
  Block: Buckler           |    19 |    31 |    50 ||   100

Table legend:
 A = Non-vault XP
 B = Vault XP
 C = Vault XP percentage of total XP
 D = Non-vault monster count
 E = Vault monster count
 F = Vault count percentage of total count
                 A         B        C        D         E       F
            +---------+---------+-------+---------+---------+-------
      Total |    2110 |    1666 |  44.1 |     122 |      35 |  22.3
            +---------+---------+-------+---------+---------+-------
        D:1 |      21 |       0 |   0.0 |      14 |       0 |   0.0
        D:2 |      64 |       0 |   0.0 |      17 |       0 |   0.0
        D:3 |     176 |       0 |   0.0 |      27 |       0 |   0.0
        D:4 |     272 |      35 |  11.4 |      13 |      12 |  48.0
        D:5 |     164 |       8 |   4.7 |       9 |       1 |  10.0
        D:6 |     589 |       0 |   0.0 |      18 |       0 |   0.0
        D:7 |     467 |     280 |  37.5 |      15 |      13 |  46.4
        D:8 |     357 |    1343 |  79.0 |       9 |       9 |  50.0
            +---------+---------+-------+---------+---------+-------
